 Dungeon Crawl Stone Soup version 0.30-a0-782-ge64f9170bb (webtiles) character file.

Game seed: 2730719200294333527

76 Dirtsage the Slasher (level 4, 0/35 HPs)
             Began as a Demonspawn Fighter on Feb 27, 2023.
             Slain by a gnoll
             ... wielding a +0 long sword
              (3 damage)
             ... on level 4 of the Dungeon.
             The game lasted 00:02:27 (1005 turns).

Dirtsage the Slasher (Demonspawn Fighter)           Turns: 1005, Time: 00:02:27

Health: 0/35       AC:  7    Str: 16    XL:     4   Next: 12%
Magic:  4/4        EV:  8    Int:  9    God:
Gold:   143        SH:  5    Dex: 15    Spells: 3/3 levels left

rFire   . . .      SeeInvis .    a - +0 long sword
rCold   . . .      Faith    .    c - +0 buckler
rNeg    . . .      Spirit   .    b - +0 scale mail
rPois   .          Reflect  .    k - +0 helmet
rElec   .          Harm     .    (no cloak)
rCorr   .          Rampage  .    (no gloves)
Will    .....                    (no boots) Stlth
                                 (no amulet)
HPRegen 0.25/turn                (no ring)
MPRegen 0.09/turn                (no ring)

@: no status effects
A: hooves 1
a: no special abilities


You were on level 4 of the Dungeon.
You visited 1 branch of the dungeon, and saw 3 of its levels.

You collected 143 gold pieces.

Inventory:

Hand Weapons
 a - a +0 long sword (weapon)
Armour
 b - a +0 scale mail (worn)
 c - a +0 buckler (worn)
 k - a +0 helmet (worn)
Jewellery
 e - a ring of fire
Scrolls
 f - a scroll of noise {unknown}
 h - 2 scrolls of enchant weapon {unknown}
 i - 2 scrolls of identify {unknown}
Potions
 d - a potion of might
 g - a potion of heal wounds {unknown}
 j - a potion of berserk rage {unknown}
 l - a potion of degeneration {unknown}


   Skills:
 - Level 3.0 Fighting
 + Level 4.0 Long Blades
 - Level 2.6 Armour
 - Level 2.6 Shields


You had 3 spell levels left.
You didn't know any spells.
Your spell library contained the following spells:

 Spells                   Type           Power      Damage    Failure   Level
 Sublimation of Blood     Necr           0%         N/A       96%         2
 Petrify                  Tmut/Erth      0%         N/A       100%        4
 Irradiate                Conj/Tmut      0%         3d11      100%        5


Dungeon Overview and Level Annotations

Branches:
Dungeon (4/15)
 Temple: D:4-7

Altars:


Innate Abilities, Weirdness & Mutations

You have large cloven feet.


Message History

You now have 135 gold pieces (gained 13).
You see here a +2 dagger of venom.
You now have 143 gold pieces (gained 8).
A goblin comes into view. It is wielding a +0 club.
A goblin is nearby!
A sourceless malevolence fills the Dungeon...
You fall into a shaft and drop 2 floors!
The shaft crumbles and collapses.
Found an amethyst potion.
Found a stone staircase leading down.
A gnoll comes into view. It is wielding a +0 halberd.
The gnoll shouts!
You see here an amethyst potion.
A gnoll comes into view. It is wielding a +0 long sword.
You see here an amethyst potion.
A gnoll comes into view. It is wielding a +0 spear.
The gnoll hits you with a +0 halberd.
You take 4 damage, and have 31/35 hp.
You barely miss the gnoll.
The gnoll shouts!
The gnoll hits you with a +0 halberd.
You take 1 damage, and have 30/35 hp.
You barely miss the gnoll. You kick the gnoll, but do no damage.
You hit the gnoll.
The gnoll is moderately wounded.
The gnoll hits you from afar with a +0 halberd!
You take 10 damage, and have 20/35 hp.
MASSIVE DAMAGE!!
You closely miss the gnoll. Your kick misses the gnoll.
The gnoll is moderately wounded.
The gnoll hits you from afar with a +0 halberd.
The gnoll hits you with a +0 long sword.
You take 5 damage, and have 15/35 hp.
You hit the gnoll. Your kick misses the gnoll.
The gnoll is heavily wounded.
The gnoll closely misses you.
The gnoll hits you with a +0 long sword!
* * * LOW HITPOINT WARNING * * *
The gnoll hits you from afar with a +0 halberd.
* * * LOW HITPOINT WARNING * * *
The gnoll hits you with a +0 long sword.
You die...

..........#
..........# #.#
#........# ###.#
#........# #....
#........###.#.#
........!..##.#.#
##########g##.#.#
#.g..#.# ###g@..#
#.>.## #####


You could see 3 gnolls.

Vanquished Creatures
  Robin (D:2)
  2 worms (D:2)
  2 dart slugs (D:1)
  6 endoplasms
  2 giant cockroaches
  12 goblins
  6 hobgoblins
  3 kobolds (D:1)
  3 quokkas
  5 bats
  5 frilled lizards
  4 rats (D:1)
51 creatures vanquished.

Vanquished Creatures (others)
  2 fungi (D:2)
  3 plants (D:2)
5 creatures vanquished.

Grand Total: 56 creatures vanquished

Notes
Turn   | Place    | Note
-------+----------+-------------------------------------------
     0 | D:1      | Dirtsage the Demonspawn Fighter began the quest for the
                  | Orb.
     0 | D:1      | Reached XP level 1. HP: 18/18 MP: 1/1
   146 | D:1      | Reached skill level 2 in Long Blades
   208 | D:1      | Gained mutation: You have large cloven feet. [demonic
                  | ancestry]
   208 | D:1      | Reached XP level 2. HP: 21/24 MP: 2/2
   399 | D:1      | Reached skill level 3 in Long Blades
   500 | D:1      | Reached XP level 3. HP: 29/29 MP: 3/3
   661 | D:2      | Noticed Robin
   841 | D:2      | Killed Robin
   925 | D:2      | Found a faded altar of an unknown god.
   944 | D:2      | Reached XP level 4. HP: 35/35 MP: 4/4
   949 | D:2      | Reached skill level 4 in Long Blades
   988 | D:2      | You fall into a shaft and drop 2 floors!
  1005 | D:4      | Slain by a gnoll

Illustrated notes

Levels and vault maps discovered:
D:1:      minmay_arrival_stone_box, layout_basic
D:2:      layout_loops_ring, shapermc_ecumenical_altar_mp_urbaneastern,
          grunt_decor_fettered, uniq_robin, uniq_natasha
D:4:      layout_basic, uniq_pikel

Skill      XL: |  1  2  3  4 |
---------------+-------------+-----
Long Blades    | 2 3 4 |  4.0
Fighting       | |  3.0
Armour         | |  2.6
Shields        | |  2.6

Action                     |  1- 3 |  4- 6 || total
---------------------------+-------+-------++-------
  Melee: Long sword        |   132 |    14 ||   146
         Kick              |    24 |     4 ||    28
 Armour: Scale mail        |    86 |     3 ||    89
  Dodge: Dodged            |    67 |     5 ||    72
  Block: Buckler           |    47 |     2 ||    49

Table legend: (Time is in decaauts)
 A = Elapsed time spent in this place.
 B = Non-inter-level travel time spent in this place.
 C = Inter-level travel time spent in this place.
 D = Time resting spent in this place.
 E = Time spent auto-exploring this place.
 F = Levels seen in this place.
 G = Mean time per level.
                   A        B        C        D        E       F      G
               +--------+--------+--------+--------+--------+-----+--------+
         Total |   1050 |   1027 |     23 |     99 |    556 |   3 |  350.0 |
       Dungeon |   1050 |   1027 |     23 |     99 |    556 |   3 |  350.0 |
               +--------+--------+--------+--------+--------+-----+--------+

Top non-repeatable levels by time:
     D:1: 755 daAuts
     D:2: 277 daAuts
     D:4: 17 daAuts
